 Dungeon Sprint DCSS version 0.31-a0-750-gfe7b580527 (webtiles) character file.

Game seed: 4771074312720352306

2207 sircluck the Grappler (level 9, -1/150 (153) HPs)
             Began as a Troll Berserker on Sept 14, 2023.
             Was the Champion of Trog.
             Killed from afar by a nagaraja (14 damage)
             ... with a poison arrow
             ... in the Dungeon (Sprint VII: "The Pits").
             The game lasted 00:01:53 (771 turns).

sircluck the Grappler (Troll Berserker)              Turns: 771, Time: 00:01:55

HP:   -1/150 (153)  AC:  4    Str: 31    XL:     9   Next: 13%
MP:   8/8           EV: 12    Int:  3    God:    Trog [******]
Gold: 0             SH:  0    Dex:  9    Spells: 8/8 levels left

rFire   . .          .
                       - Unarmed
rCold   . . .        (no shield)
rNeg    . . .        a - +0 animal skin
rPois   .            (helmet restricted)
rElec   .            (no cloak)
rCorr   .            (gloves unavailable)
SInv    .            (boots unavailable)
Will    .....        (no amulet) Stlth
                     (no ring)
HPRegen 1.25/turn    (no ring)
MPRegen 0.11/turn

%: no teleportation
@: berserking, lethally poisoned (-1 -> -11), lightly drained, very quick
A: large, unfitting armour, claws 3, regeneration 1, shaggy fur 1, tough skin 1
a: Renounce Religion, Berserk, Trog's Hand, Brothers in Arms


You were in the Dungeon.
You worshipped Trog.
Trog was exalted by your worship.
You visited 1 branch

Inventory:

Armour
 a - a +0 animal skin (worn)
Jewellery
 k - a +3 ring of strength
 m - a +3 ring of protection
Scrolls
 g - a scroll of blinking
 i - 2 scrolls of vulnerability
 j - a scroll of butterflies
Potions
 b - 9 potions of curing
 c - 7 potions of heal wounds
 d - 2 potions of haste
 e - 4 potions of magic
 f - 3 potions of berserk rage
 h - 2 potions of invisibility
 l - a potion of mutation


   Skills:
 + Level 10.6 Fighting
 + Level 10.5 Dodging
 + Level 12.4 Unarmed Combat


You had 8 spell levels left.
You didn't know any spells.
Your spell library was empty.

Dungeon Overview and Level Annotations

Branches:
Dungeon (1/1)

Altars:
Ashenzari
Cheibriados
Dithmenos
Elyvilon
Fedhas
Gozag
Hepliaklqana
Kikubaaqudgha
Makhleb
Nemelex Xobeh
Okawaru
Qazlal
Ru
Sif Muna
Trog
Uskayaw
Vehumet
Wu Jian
Xom
Yredelemnul
Zin
The Shining One
Jiyva
Lugonu


Innate Abilities, Weirdness & Mutations

You are too large for most types of armour.
You have claws for hands.
Your natural rate of healing is unusually fast.
You are covered in fur. (AC +1)
You have tough skin. (AC +1)


Message History

The spray of metal splinters hits you!!
You eviscerate the catoblepas!!!
You kill the catoblepas!
Trog accepts your kill. The war gargoyle closely misses you.
Your Dodging skill increases to level 10!
Your Unarmed Combat skill increases to level 12!
You have reached level 9!
Your experience leads to an increase in your attributes!
Increase (S)trength, (I)ntelligence, or (D)exterity?
You feel stronger. x3
Unknown command.
Unknown command.
You claw the war gargoyle!
The war gargoyle is moderately damaged.
The soul eater draws from the surrounding life force!
Unknown command.
You barely miss the soul eater.
The war gargoyle hits you with a +0 great mace!
You eviscerate the soul eater!!!
The soul eater is severely wounded.
The war gargoyle misses you. The soul eater hits you!
You feel drained.
You claw the soul eater!
The soul eater is severely wounded.
Unknown command.
You closely miss the soul eater.
The soul eater is severely wounded.
The war gargoyle hits you with a +0 great mace!!
* * * LOW HITPOINT WARNING * * *
The nagaraja completely misses you.
The soul eater hits you but does no damage.
You mangle the soul eater!!
You kill the soul eater!
Trog accepts your kill.
The war gargoyle hits you with a +0 great mace.
* * * LOW HITPOINT WARNING * * *
The nagaraja casts a spell at you. The poison arrow hits you!
You are poisoned.
You die...

##############..#....#..
............''..........
............''..........
##########..##..#....#..
#..##..........
+..##..........
#..####''####++
#..####''###
#..##Z9@...#
##########..##.#†##.#
............##.#CN'.#
......... # 'c)# #
#''###### #=f+ #''######
+=.# ........# ##+#
.#......# ........+


You could see a frost giant, a nagaraja (fast), a war gargoyle, a wandering
mushroom, a yaktaur and an adder skeleton.

Vanquished Creatures
  A catoblepas (D)
  A soul eater (D)
  An orange demon (D)
  A rime drake (D)
  A troll (D)
  A wraith (D)
  A vampire (D)
  A fire bat (D)
  A water moccasin (D)
  A bullfrog (D)
  A gnoll sergeant (D)
  A gnoll bouda (D)
  An iron imp (D)
  2 orc wizards (D)
  6 gnolls (D)
  A river rat (D)
  An adder skeleton (D)
  2 orcs (D)
  A hobgoblin (D)
  2 quokkas (D)
  3 ball pythons (D)
  A bat (D)
  A kobold (D)
  2 rats (D)
35 creatures vanquished.

Notes
Turn   | Place    | Note
-------+----------+-------------------------------------------
     0 | D        | sircluck the Troll Berserker began the quest for the Orb.
     0 | D        | Reached XP level 1. HP: 22/22 MP: 0/0
    12 | D        | Noticed a wraith
    28 | D        | Killed a wraith
    29 | D        | Reached skill level 5 in Fighting
    29 | D        | Reached skill level 5 in Dodging
    29 | D        | Reached skill level 6 in Unarmed Combat
    29 | D        | Reached XP level 2. HP: 14/35 MP: 1/1
    29 | D        | Reached XP level 3. HP: 17/42 MP: 2/2
    29 | D        | Reached XP level 4. HP: 21/50 MP: 3/3
    29 | D        | Reached XP level 5. HP: 23/57 MP: 4/4
    78 | D        | Noticed a vampire
    88 | D        | Killed a vampire
    88 | D        | Reached ** piety under Trog
    89 | D        | Reached skill level 8 in Unarmed Combat
    89 | D        | Reached XP level 6. HP: 68/68 MP: 5/5
   163 | D        | Found a bloodstained altar of Trog.
   163 | D        | Found a shimmering blue altar of Sif Muna.
   163 | D        | Found a viscous altar of Jiyva.
   163 | D        | Found a hazy altar of Hepliaklqana.
   163 | D        | Found an opulent altar of Gozag.
   164 | D        | Found a glowing golden altar of the Shining One.
   164 | D        | Found a glowing silver altar of Zin.
   164 | D        | Found a basalt altar of Yredelemnul.
   164 | D        | Found a shimmering altar of Xom.
   164 | D        | Found an ornate altar of the Wu Jian Council.
   164 | D        | Found a sacrificial altar of Ru.
   164 | D        | Found a stormy altar of Qazlal.
   164 | D        | Found an iron altar of Okawaru.
   164 | D        | Found a sparkling altar of Nemelex Xobeh.
   164 | D        | Found a burning altar of Makhleb.
   164 | D        | Found a blossoming altar of Fedhas.
   164 | D        | Found a white marble altar of Elyvilon.
   164 | D        | Found a shadowy altar of Dithmenos.
   164 | D        | Found a snail-covered altar of Cheibriados.
   167 | D        | Found a corrupted altar of Lugonu.
   167 | D        | Found a radiant altar of Vehumet.
   168 | D        | Found an ancient bone altar of Kikubaaqudgha.
   168 | D        | Found a hide-covered altar of Uskayaw.
   168 | D        | Found a broken altar of Ashenzari.
   209 | D        | Reached *** piety under Trog
   235 | D        | Reached **** piety under Trog
   284 | D        | Noticed a water moccasin
   304 | D        | Reached ***** piety under Trog
   323 | D        | Killed a water moccasin
   324 | D        | Reached skill level 9 in Unarmed Combat
   324 | D        | Received a gift from Trog
   325 | D        | Reached XP level 7. HP: 10/79 MP: 6/6
   376 | D        | Noticed a fire bat
   381 | D        | Killed a fire bat
   382 | D        | Reached skill level 10 in Unarmed Combat
   413 | D        | Noticed a troll
   418 | D        | Killed a troll
   446 | D        | Reached XP level 8. HP: 89/92 MP: 7/7
   455 | D        | Reached ****** piety under Trog
   459 | D        | Noticed an orange demon
   459 | D        | Noticed a rime drake
   468 | D        | Killed a rime drake
   469 | D        | Reached skill level 11 in Unarmed Combat
   472 | D        | Killed an orange demon
   472 | D        | Received a gift from Trog
   626 | D        | Reached skill level 10 in Fighting
   759 | D        | Found the ring of Shadows {Umbra +Inv Stlth+}
   759 | D        | Noticed a wandering mushroom
   759 | D        | Noticed a catoblepas
   759 | D        | Noticed a frost giant
   759 | D        | Noticed a soul eater
   759 | D        | Noticed a war gargoyle
   759 | D        | Noticed a nagaraja
   759 | D        | Noticed a yaktaur
   765 | D        | Killed a catoblepas
   766 | D        | Reached skill level 10 in Dodging
   766 | D        | Reached skill level 12 in Unarmed Combat
   766 | D        | Reached XP level 9. HP: 82/102 MP: 8/8
   771 | D        | Killed a soul eater
   771 | D        | Killed from afar by a nagaraja

Illustrated notes

Levels and vault maps discovered:
D:        pitsprint [storerooms_1, entrance_room_1, metal_vault_7, armoury_2,
          mini_pit_1, grid_room_1, main_hall_1, silver_pit, the_coven_3,
          the_vestibule_1, steel_vault_2, golden_pit, hallway_of_sentries,
          crystal_vault_2, iron_vault_5, final_vault]

Skill      XL: |  1  2  3  4  5  6  7  8 |
---------------+-------------------------+-----
Fighting       | 5 6 7 9 10 | 10.6
Dodging        | 5 6 7 8 10 | 10.5
Unarmed Combat | 6 8 9 10 12 | 12.4

Action                     |  1- 3 |  4- 6 |  7- 9 || total
---------------------------+-------+-------+-------++-------
  Melee: Unarmed           |     7 |    43 |    51 ||   101
         Punch             |       |     1 |     3 ||     4
 Invoke: Berserk           |     1 |     2 |     2 ||     5
    Use: Potion            |       |     1 |     2 ||     3
 Armour: Animal skin       |     8 |    46 |    45 ||    99
  Dodge: Dodged            |     6 |    32 |    23 ||    61

Table legend: (Time is in decaauts)
 A = Elapsed time spent in this place.
 B = Non-inter-level travel time spent in this place.
 C = Inter-level travel time spent in this place.
 D = Time resting spent in this place.
 E = Time spent auto-exploring this place.
 F = Levels seen in this place.
 G = Mean time per level.
                   A        B        C        D        E       F      G
               +--------+--------+--------+--------+--------+-----+--------+
         Total |    804 |    804 |      0 |    359 |    178 |   1 |  804.0 |
       Dungeon |    804 |    804 |      0 |    359 |    178 |   1 |  804.0 |
               +--------+--------+--------+--------+--------+-----+--------+

Top non-repeatable levels by time:
       D: 804 daAuts
